 Dungeon Crawl Stone Soup version 0.19-a0-1511-g16f215b (webtiles) character file.

19 kae the Gusty (level 2, 0/17 HPs)
             Began as a High Elf Air Elementalist on Sept 11, 2016.
             Slain by a bat (1 damage)
             ... on level 2 of the Dungeon.
             The game lasted 00:01:03 (1056 turns).

kae the Gusty (High Elf Air Elementalist)           Turns: 1056, Time: 00:01:04

Health: 0/17       AC:  2    Str:  7    XL:     2   Next: 55%
Magic:  0/6        EV: 13    Int: 18    God:
Gold:   37         SH:  0    Dex: 15    Spells: 1 memorised, 5 levels left

rFire  . . .     SeeInvis .     (no weapon)
rCold  . . .     Gourm    .     a - +0 robe
rNeg   . . .     Faith    .     (no shield)
rPois  .         Spirit   .     (no helmet)
rElec  .         Dismiss  .     (no cloak)
rCorr  .         Reflect  .     (no gloves)
MR     .....     Harm     .     (no boots)
Stlth  ++........               (no amulet)
                                (no ring)
                                (no ring)

@: lethally poisoned (0 -> -8), very slightly contaminated
A: no striking features
a: no special abilities


You were on level 2 of the Dungeon.
You were not hungry.

You visited 1 branch of the dungeon, and saw 2 of its levels.

You collected 37 gold pieces.

Inventory:

Armour
 a - a +0 robe (worn)
Scrolls
 d - 2 scrolls of identify {unknown}
 e - a scroll of magic mapping {unknown}
 i - a scroll of remove curse {unknown}
 j - a scroll of fear {unknown}
Potions
 g - a potion of degeneration {unknown}
 h - a potion of curing {unknown}
Books
 b - a book of Air

   Spells                             Type                      Level
   a - Shock                          Conjuration/Air              1
   b - Swiftness                      Charms/Air                   2
   c - Repel Missiles                 Charms/Air                   2
   d - Static Discharge               Conjuration/Air              3
   e - Lightning Bolt                 Conjuration/Air              5
Comestibles
 c - a bread ration
 f - a meat ration


   Skills:
 - Level 2.1 Dodging
 - Level 2.1 Stealth
 + Level 2.7 Spellcasting
 * Level 1.9 Conjurations
 * Level 4.1 Air Magic


You had 5 spell levels left.
You knew the following spells:

 Your Spells              Type           Power        Failure   Level  Hunger
a - Shock                 Conj/Air       ##..         6%          1    #......


Dungeon Overview and Level Annotations

Branches:
Dungeon (2/15)

Altars:


Message History

Aim: a bat You miscast Shock.
Nothing appears to happen.
* * * LOW HITPOINT WARNING * * *
You feel sick. The bat misses you. The bat closely misses you.
Casting: Shock
Confirm with . or Enter, or press ? or * to list all spells.
You don't have enough magic to cast that spell.
Casting: Shock
Confirm with . or Enter, or press ? or * to list all spells.
You don't have enough magic to cast that spell.
* * * LOW HITPOINT WARNING * * *
You feel sick. The bat hits you but does no damage. The bat barely misses you.
The bat hits you but does no damage.
* * * LOW HITPOINT WARNING * * *
You feel sick. The bat hits you but does no damage. The bat barely misses you.
The bat hits you.
* * * LOW HITPOINT WARNING * * *
The bat hits you.
You die...

..#.>#.....^.......#
..# .
....#####.#####...##
..# .. #.###
#..####..##. ..
#..###...... .[. #
#......#.#
#.##...#....###
......###.#...# #
.(###...##.#.###...
#.@.#........#
#.b..........#
#...##.........
.#####†.......##.##.
........#.g..## .#
............## .#
..##.###....# . .
... #..#..... ####
#....#...


You could see a goblin and a bat.

Vanquished Creatures
  An adder (D:2)
  A bat (D:2)
  3 goblins (D:1)
  2 hobgoblins
  A giant newt (D:1)
  A kobold (D:2)
  A rat (D:2)
10 creatures vanquished.

Notes
Turn   | Place    | Note
-------+----------+-------------------------------------------
     0 | D:1      | kae the High Elf Air Elementalist began the quest for the Orb.
     0 | D:1      | Reached XP level 1. HP: 11/11 MP: 4/4
   923 | D:2      | Reached XP level 2. HP: 16/17 MP: 1/6
  1041 | D:2      | Reached skill level 4 in Air Magic
  1056 | D:2      | Slain by a bat

Vault maps used:
D:1:      dpeg_arrival_tiny_c
D:2:      lemuel_coloured_pillars_altar, nicolae_overflow_crystal_walls,
          lemuel_round_altar, serial_co_window_serial, co_window_cross_1,
          co_window_paths_a, co_window_of_opportunity_a, co_window_corner_a,
          co_window_paths_a, co_window_broadway_b, co_window_broadway_c,
          co_window_of_opportunity_b, co_window_unsneaky_path_b,
          co_window_paths_d, tgw_xom

Skill      XL: |  1  2 |
---------------+-------+-----
Air Magic      | 4 |  4.1
Dodging        | |  2.1
Stealth        | |  2.1
Spellcasting   | |  2.7
Conjurations   | |  1.9

Action                   || total
-------------------------++-------
Melee: Unarmed           ||     7
 Cast: Shock             ||    18
Armor: Robe              ||     6
Dodge: Dodged            ||    10
